 Dungeon Crawl Stone Soup version 0.27-a0-797-g27d10ad80f (webtiles) character file.

Game seed: 3345977051647968022

12256 porpoise the Grappler (level 11, -17/112 HPs)
             Began as a Troll Hedge Wizard on Mar 27, 2021.
             Was a Priest of Dithmenos.
             Demolished by a freezing wraith (23 damage)
             ... led by a death knight
             ... on level 12 of the Dungeon.
             The game lasted 00:47:19 (12011 turns).

porpoise the Grappler (Troll Hedge Wizard)         Turns: 12011, Time: 00:47:20

Health: -17/112    AC: 17    Str: 20    XL:     11   Next: 60%
Magic:  13/13      EV:  7    Int: 11    God:    Dithmenos [***...]
Gold:   116        SH:  0    Dex:  9    Spells: 13/14 levels left

rFire    . . .     SeeInvis +     - Unarmed
rCold    . . .     Faith    .   (no shield)
rNeg     . . .     Spirit   .   f - +0 storm dragon scales
rPois    .         Reflect  .   c - +1 hat
rElec    +         Harm     .   (no cloak)
rCorr    .         Rampage  .   (gloves unavailable)
Will     .....                  (boots unavailable)
Stlth    ..........             J - amulet of magic regeneration
HPRegen  1.28/turn              K - ring of see invisible
MPRegen  0.38/turn              (no ring)

@: about to teleport, slowed, wreathed by umbra, very slow
A: large, unfitting armour, claws 3, regeneration 1, shaggy fur 2, tough skin 1,
dopey 1, robust 1, electricity resistance
a: Renounce Religion, Shadow Step


You were on level 12 of the Dungeon.
You worshipped Dithmenos.
Dithmenos was most pleased with you.
You visited 2 branches of the dungeon, and saw 13 of its levels.
You also visited: Bailey.

You collected 614 gold pieces.
You spent 498 gold pieces at shops.

Inventory:

Hand Weapons
 b - a +3 hunting sling of freezing
Missiles
 i - 52 boomerangs (quivered)
 k - 8 atropa-tipped darts
 s - 28 sling bullets
 y - 5 silver boomerangs
 F - 3 boomerangs of dispersal
 L - 24 poisoned darts
 O - 6 large rocks
Armour
 c - a +1 hat (worn)
 f - +0 storm dragon scales (worn)
 D - +0 steam dragon scales
 M - a +0 troll leather armour
Magical Staves
 o - a staff of poison
Jewellery
 v - an amulet of faith
 J - an amulet of magic regeneration (around neck)
 K - a ring of see invisible (left claw)
Wands
 d - a wand of charming (7)
 x - a wand of flame (7)
 C - a wand of random effects (30)
 H - a wand of acid (4)
 N - a wand of paralysis (7)
Scrolls
 g - a scroll of fog
 l - a scroll of noise
 m - a scroll of enchant weapon
 p - 2 scrolls of amnesia
 q - a scroll of brand weapon {unknown}
 w - a scroll of immolation {unknown}
 z - a scroll of identify
 B - 4 scrolls of teleportation
 E - a scroll of magic mapping
 P - 2 scrolls of silence
 Q - a scroll of torment
 R - a scroll of vulnerability
Potions
 a - a potion of curing
 e - 5 potions of flight
 h - 3 potions of brilliance
 j - 4 potions of lignification
 r - 2 potions of attraction
 t - 3 potions of resistance
 u - 3 potions of magic
 A - 2 potions of cancellation


   Skills:
 - Level 5.0 Fighting
 - Level 7.0 Armour
 - Level 7.0 Dodging
 - Level 1.0 Stealth
 + Level 12.4 Unarmed Combat
 - Level 2.0 Spellcasting
 - Level 0.6 Conjurations
 - Level 0.6 Summonings
 - Level 0.6 Translocations
 * Level 1.8 Invocations
 * Level 1.8 Evocations


You had 13 spell levels left.
You knew the following spells:

 Your Spells              Type           Power      Damage    Failure   Level
a - Magic Dart            Conj           8%         1d3       88%         1

Your spell library contained the following spells:

 Spells                   Type           Power      Damage    Failure   Level
 Summon Small Mammal      Summ           8%         N/A       88%         1
 Animate Skeleton         Necr           2%         N/A       94%         1
 Pain                     Necr           4%         1d4       94%         1
 Blink                    Tloc           N/A        N/A       96%         2
 Call Imp                 Summ           2%         N/A       96%         2
 Slow                     Hex            1%         N/A       98%         2
 Call Canine Familiar     Summ           2%         N/A       99%         3
 Conjure Flame            Conj/Fire      1%         6-21      100%        3
 Mephitic Cloud           Conj/Pois/Air  1%         N/A       100%        3
 Summon Guardian Golem    Hex/Summ       1%         N/A       100%        3
 Vampiric Draining        Necr           0%         2d6       100%        3
 Animate Dead             Necr           0%         N/A       100%        4
 Summon Ice Beast         Ice/Summ       1%         N/A       100%        4
 Summon Lightning Spire   Summ/Air       1%         N/A       100%        4
 Agony                    Necr           1%         N/A       100%        5


Dungeon Overview and Level Annotations

Branches:
Dungeon (12/15)            Temple (1/1) D:5            Lair (0/6) D:11
    Orc (0/2) D:11         Bailey (visited)

Altars:
Ashenzari
Cheibriados
Dithmenos
Elyvilon
Fedhas
Gozag
Hepliaklqana
Kikubaaqudgha
Makhleb
Nemelex Xobeh
Okawaru
Qazlal
Ru
Sif Muna
Trog
Uskayaw
Vehumet
Wu Jian
Xom
Yredelemnul
Zin
The Shining One
Beogh

Shops:
D:1 [   D:10 ?

Annotations:
D:12 exclusion: obsidian statue


Innate Abilities, Weirdness & Mutations

You are too large for most types of armour.
You have claws for hands.
Your natural rate of healing is unusually fast.
You are covered in thick fur. (AC +2)
You have tough skin. (AC +1)
You are dopey. (Int -2)
You are robust. (+10% HP)
You are resistant to electric shocks. (rElec)


Message History

You mangle the wraith!!
You destroy the wraith!
Dithmenos accepts your kill.
The freezing wraith hits you but does no damage. x2
The skeletal warrior hits you from afar with a +0 halberd!
The freezing wraith hits you. The freezing wraith freezes you!!
The freezing wraith hits you. The freezing wraith drains your vigour!
You feel as though you will be slow longer.
The freezing wraith hits you. The freezing wraith freezes you!!
* * * LOW HITPOINT WARNING * * *
The freezing wraith hits you.
* * * LOW HITPOINT WARNING * * *
The freezing wraith drains your vigour!
You feel as though you will be slow longer.
There is a shaft here.
The skeletal warrior closely misses you.
You see here a large rock.
Unknown command.
Unknown command.
Why would you want to do that?
Unknown command.
Unknown command.
As you read the scroll of teleportation, it crumbles to dust.
You feel strangely unstable. The freezing wraith barely misses you.
The freezing wraith hits you but does no damage.
The skeletal warrior closely misses you.
The freezing wraith hits you.
* * * LOW HITPOINT WARNING * * *
The freezing wraith freezes you!
* * * LOW HITPOINT WARNING * * *
The freezing wraith hits you but does no damage.
As you read the scroll labelled ONUZXU XAECA, it crumbles to dust.
It is a scroll of enchant armour.
Your +0 hat glows green for a moment.
The skeletal warrior hits you from afar with a +0 halberd!
* * * LOW HITPOINT WARNING * * *
The freezing wraith hits you.
* * * LOW HITPOINT WARNING * * *
The freezing wraith freezes you!!
You die...

,,,,,,#.,*,,,#....>......,,,*
*+**###..*,,,#...........,,,*
,,,,.....*,,,#...........,,,*
,,,,.....#####...........,,,*
,,,,.....................,,**
,,,,.........))).########,,*
,,,......^^.(.)z.# *,,******
,.....^≈##≈.≈#§#W# *,,,,,,,,
,.....§#§#^(^§##@# *,,,<,***
,....#≈#^#^..^≈#≈##******,,,,,*
......≈..§≈)..^(^..,,,,,,,,,,,*
#.......§.._...(...,,,,,,,,,,,*
#....#...≈..≈.§.^...,,,,,,,,,,*
#....#.^.....§^≈...##*****,,,,***
#.)..#.#^#..§###...# *,,,,,,*
#....#§.##...###...# *,,,,,,*
#....#.^^.≈..≈.,,..* *,,,,,,*


You could see a skeletal warrior and a freezing wraith.

Vanquished Creatures
  A deep elf pyromancer (D:12)
  An orc knight (Bailey)
  2 cyclopes
  A gargoyle (D:11)
  An unseen horror (D:12)
  A kobold demonologist (D:11)
  2 hornets
  A troll (D:9)
  4 slime creatures
  2 shadows
  Sigmund (D:3)
  A wyvern (D:8)
  3 yaks (D:11)
  A vampire (D:11)
  3 wraiths
  4 vampire mosquitoes (D:11)
  4 steam dragons
  The ghost of Snikeer the Magician, an amateur GnWz (D:4)
  An acid dragon (D:11)
  A water moccasin (D:7)
  A black bear (D:8)
  8 orc warriors
  An ice beast (D:6)
  3 ogres
  A sky beast (D:8)
  5 centaurs
  3 bullfrogs
  A wyvern skeleton (D:6)
  4 scorpions
  5 wights (D:7)
  8 killer bees (D:9)
  6 centaur zombies
  2 bullfrog skeletons
  A jelly (D:4)
  A centaur skeleton (D:5)
  10 orc priests
  3 hounds
  Natasha (thrice) (D:3)
  2 iguanas
  4 orc wizards
  A killer bee zombie (D:7)
  A hound skeleton (D:4)
  A howler monkey zombie (D:8)
  Robin (D:3)
  7 adders
  10 gnolls
  A shadow imp (D:6)
  2 white imps (D:8)
  An ufetubus (D:4)
  3 worms
  2 dart slugs (D:2)
  37 orcs
  8 endoplasms
  3 giant cockroaches
  18 goblins
  13 hobgoblins
  7 jackals
  24 kobolds
  4 quokkas
  8 ball pythons
  5 bats
  9 frilled lizards
  16 rats
290 creatures vanquished.

Vanquished Creatures (others)
  3 orcs (D:7)
3 creatures vanquished.

Grand Total: 293 creatures vanquished

Notes
Turn   | Place    | Note
-------+----------+-------------------------------------------
     0 | D:1      | porpoise the Troll Hedge Wizard began the quest for the
                  | Orb.
     0 | D:1      | Reached XP level 1. HP: 16/16 MP: 2/2
   186 | D:1      | Reached skill level 1 in Unarmed Combat
   215 | D:1      | Reached XP level 2. HP: 26/26 MP: 4/4
   405 | D:1      | Found Totih's Antique Armour Boutique.
   497 | D:1      | Reached skill level 1 in Fighting
   619 | D:1      | Reached skill level 2 in Unarmed Combat
   868 | D:1      | Reached XP level 3. HP: 33/33 MP: 5/5
  2094 | D:3      | Reached XP level 4. HP: 41/41 MP: 6/6
  2225 | D:3      | Noticed Robin
  2233 | D:3      | Killed Robin
  2234 | D:3      | Reached skill level 3 in Unarmed Combat
  2248 | D:3      | Reached skill level 1 in Armour
  2580 | D:3      | Noticed Natasha
  2584 | D:3      | Killed Natasha
  2585 | D:3      | Reached XP level 5. HP: 43/49 MP: 7/7
  2628 | D:3      | Found a broken altar of Ashenzari.
  2770 | D:3      | Noticed Sigmund
  2795 | D:3      | Killed Sigmund
  2796 | D:3      | Reached skill level 4 in Unarmed Combat
  2796 | D:3      | Reached XP level 6. HP: 58/59 MP: 8/8
  2947 | D:3      | Noticed Natasha
  2954 | D:3      | Killed Natasha
  2981 | D:3      | Noticed Natasha
  2986 | D:3      | Killed Natasha
  3651 | D:4      | Reached skill level 5 in Unarmed Combat
  3772 | D:4      | Found a runed translucent door.
  3854 | D:4      | Reached XP level 7. HP: 66/66 MP: 9/9
  4194 | D:4      | Noticed Snikeer's ghost (amateur GnWz)
  4207 | D:4      | Killed Snikeer's ghost
  4500 | D:5      | Entered Level 5 of the Dungeon
  4764 | D:4      | Reached skill level 6 in Unarmed Combat
  5117 | D:5      | Reached XP level 8. HP: 70/78 MP: 10/10
  5150 | D:5      | Found a staircase to the Ecumenical Temple.
  5159 | Temple   | Entered the Ecumenical Temple
  5253 | Temple   | Became a worshipper of Dithmenos the Shadowed
  5729 | D:6      | Reached skill level 7 in Unarmed Combat
  6265 | D:7      | Reached skill level 8 in Unarmed Combat
  6424 | D:7      | Reached * piety under Dithmenos
  6425 | D:7      | Reached XP level 9. HP: 83/87 MP: 11/11
  6595 | D:7      | Reached skill level 5 in Fighting
  6728 | D:7      | Found a faded altar of an unknown god.
  6728 | D:7      | Found a faded altar of an unknown god.
  6736 | D:7      | Found a glowing golden altar of the Shining One.
  6738 | D:7      | Found a sacrificial altar of Ru.
  6740 | D:7      | Found a burning altar of Makhleb.
  7149 | D:8      | Reached skill level 5 in Armour
  7149 | D:8      | Reached skill level 9 in Unarmed Combat
  7314 | D:8      | Paralysed by a hornet for 2 turns
  7626 | D:8      | Found a glowing silver altar of Zin.
  7626 | D:8      | Found an opulent altar of Gozag.
  7784 | D:8      | Found a faded altar of an unknown god.
  7784 | D:8      | Found a faded altar of an unknown god.
  7786 | D:8      | Found a hazy altar of Hepliaklqana.
  7907 | D:9      | Found an ornate altar of the Wu Jian Council.
  7981 | D:9      | Reached skill level 10 in Unarmed Combat
  8089 | D:9      | Reached ** piety under Dithmenos
  8148 | D:9      | Noticed a troll
  8162 | D:9      | Killed a troll
  8333 | D:9      | Found a stormy altar of Qazlal.
  8393 | D:9      | Reached XP level 10. HP: 96/96 MP: 12/12
  8796 | D:10     | Entered Level 10 of the Dungeon
  8889 | D:10     | Found Jasiew's Magic Scroll Boutique.
  8926 | D:10     | Bought a scroll of identify for 24 gold pieces
  8926 | D:10     | Bought a scroll of identify for 24 gold pieces
  8926 | D:10     | Bought a scroll of identify for 24 gold pieces
  8926 | D:10     | Bought a scroll of magic mapping for 42 gold pieces
  8926 | D:10     | Bought a scroll of identify for 24 gold pieces
  8926 | D:10     | Bought 2 scrolls of silence for 180 gold pieces
  8926 | D:10     | Bought a scroll of torment for 90 gold pieces
  8926 | D:10     | Bought a scroll of vulnerability for 90 gold pieces
  9694 | D:11     | Noticed a gargoyle
  9704 | D:11     | Killed a gargoyle
  9783 | D:11     | Reached skill level 5 in Dodging
 10032 | D:11     | Noticed a rust devil
 10183 | D:11     | Noticed a cyclops
 10193 | D:11     | Killed a cyclops
 10194 | D:11     | Reached skill level 11 in Unarmed Combat
 10407 | D:11     | Gained mutation: You are robust. (+10% HP) [potion of
                  | mutation]
 10407 | D:11     | Gained mutation: You are dopey. (Int -2) [potion of
                  | mutation]
 10407 | D:11     | Gained mutation: You are resistant to electric shocks.
                  | (rElec) [potion of mutation]
 10407 | D:11     | Gained mutation: You are covered in thick fur. (AC +2)
                  | [potion of mutation]
 10421 | D:11     | Reached XP level 11. HP: 106/112 MP: 13/13
 10480 | D:11     | Found a staircase to the Lair.
 10545 | D:11     | Found a staircase to the Orcish Mines.
 11033 | D:11     | Reached skill level 12 in Unarmed Combat
 11123 | D:12     | Reached *** piety under Dithmenos
 11133 | D:12     | Found a flagged portal.
 11167 | Bailey   | Entered a bailey
 11303 | Bailey   | Noticed an orc knight
 11318 | Bailey   | Killed an orc knight
 11773 | D:12     | Reached skill level 1 in Evocations
 11900 | D:12     | Noticed an obsidian statue
 11916 | D:12     | Found a stormy altar of Qazlal.
 11919 | D:12     | Noticed a five-headed hydra
 11919 | D:12     | Noticed a deep elf pyromancer
 11955 | D:12     | Killed a deep elf pyromancer
 11956 | D:12     | Reached skill level 1 in Invocations
 11999 | D:12     | Noticed a skeletal warrior
 12011 | D:12     | Demolished by a freezing wraith

Illustrated notes

Levels and vault maps discovered:
D:1:      dpeg_arrival_pits, layout_rooms, serial_shops, shop,
          chequers_mini_garden, minivault_19, minmay_rat_gold_closets
D:2:      layout_basic
D:3:      minmay_inner_zag, layout_rooms, overflow_temple_1_default,
          uniq_sigmund, uniq_robin, uniq_natasha
D:4:      layout_rooms, ebering_ghost_reflecting_pool
D:5:      layout_rooms, minmay_temple_entry_large_hall
D:6:      layout_gridville
D:7:      layout_cave_pods, chequers_temple_overflow_minitemple
D:8:      layout_cave_pools, grunt_temple_overflow_gold_and_silver,
          nicolae_hepliaklqana_ecumenical_no_more
D:9:      layout_stronghold, nicolae_overflow_hidden_temple, basic_altar
D:10:     layout_irregular_city, serial_column_ruins, column_ruins_hut_pillars,
          column_ruins_columns_T, column_ruins_open_small,
          column_ruins_columns_straight, column_ruins_open_tiny,
          column_ruins_columns_straight, serial_shops, shop,
          serial_bayou_lagoon_a
D:11:     layout_basic, lair_entry_dummy, minmay_orc_entry_temple_small
D:12:     minmay_separated_statues, layout_irregular_city, enter_bailey_3,
          grunt_qazlal_sundering
Temple:   nicolae_temple_great_sept

Skill      XL: |  1  2  3  4  5  6  7  8  9 10 11 |
---------------+----------------------------------+-----
Unarmed Combat | 1 2 3 4 5 6 8 10 11 12 | 12.4
Fighting       | 1 2 3 4 5 |  5.0
Armour         | 1 2 3 4 6 7 |  7.0
Dodging        | 2 6 7 |  7.0
Evocations     | 1 |  1.8
Invocations    | 1 |  1.8
Stealth        | |  1.0
Spellcasting   | |  2.0
Conjurations   | |  0.6
Summonings     | |  0.6
Translocations | |  0.6

Action                   |  1- 3 |  4- 6 |  7- 9 | 10-12 || total
-------------------------+-------+-------+-------+-------++-------
Melee: Unarmed           |   137 |   158 |   277 |   309 ||   881
       Punch             |       |     4 |    13 |    16 ||    33
 Fire: Hunting sling     |       |    24 |    81 |    46 ||   151
Throw: Large rock        |       |       |       |     4 ||     4
       Boomerang         |       |       |       |     8 ||     8
Evoke: Wand              |       |       |     1 |     7 ||     8
  Use: Potion            |       |     2 |     3 |     6 ||    11
       Scroll            |       |       |     8 |     9 ||    17
 Stab: Sleeping          |     9 |       |       |       ||     9
       Paralysed         |       |       |       |     2 ||     2
Armor: Robe              |    35 |       |       |       ||    35
       Storm dragon scal |    29 |    99 |   203 |   227 ||   558
Dodge: Dodged            |    44 |    41 |    86 |   130 ||   301

Table legend: (Time is in decaauts)
 A = Elapsed time spent in this place.
 B = Non-inter-level travel time spent in this place.
 C = Inter-level travel time spent in this place.
 D = Time resting spent in this place.
 E = Time spent auto-exploring this place.
 F = Levels seen in this place.
 G = Mean time per level.
                   A        B        C        D        E       F      G
               +--------+--------+--------+--------+--------+-----+--------+
         Total |  11883 |  11110 |    773 |   2081 |   6853 |  14 |  848.8 |
       Dungeon |  11197 |  10457 |    740 |   1905 |   6629 |  12 |  933.1 |
        Temple |    105 |     72 |     33 |      0 |     71 |   1 |  105.0 |
        Bailey |    580 |    580 |      0 |    176 |    153 |   1 |  580.0 |
               +--------+--------+--------+--------+--------+-----+--------+

Top non-repeatable levels by time:
     D:3: 1467 daAuts
    D:11: 1261 daAuts
     D:4: 1176 daAuts
     D:1: 1135 daAuts
     D:2: 1059 daAuts
     D:9: 971 daAuts
    D:10: 877 daAuts
     D:7: 867 daAuts
     D:6: 757 daAuts
     D:8: 679 daAuts
  Bailey: 580 daAuts
     D:5: 507 daAuts
    D:12: 437 daAuts
  Temple: 105 daAuts
